 Dungeon Crawl Stone Soup version 0.29.0-7-g18a832c13a (webtiles) character file.

Game seed: 12934361181397205242

66 Zeldest the Trooper (level 3, -2/30 HPs)
             Began as a Mummy Chaos Knight on Aug 30, 2022.
             Was a Plaything of Xom.
             Slain by an iron imp (12 damage)
             ... summoned by Xom
             ... on level 2 of the Dungeon.
             The game lasted 00:01:26 (1441 turns).

Zeldest the Trooper (Mummy Chaos Knight)            Turns: 1441, Time: 00:01:26

Health: -2/30      AC:  9    Str: 17    XL:     3   Next: 96%
Magic:  3/3        EV:  9    Int: 11    God:    Xom [.*....]
Gold:   101        SH:  0    Dex: 11    Spells: 2/2 levels left

rFire   x . .      SeeInvis .   a - +1 hand axe (chaos)
rCold   + . .      Faith    .   (no shield)
rNeg    + + +      Spirit   .   i - +0 scale mail
rPois   ∞          Reflect  .   (no helmet)
rElec   .          Harm     .   b - +0 cloak
rCorr   .          Rampage  .   j - +1 pair of gloves
Will    .....                   (no boots)
Stlth   ..........              (no amulet)
HPRegen 0.10/turn               (no ring)
MPRegen 0.08/turn               (no ring)

@: no status effects
A: cold resistance 1, negative energy resistance 3, torment resistance 2, heat
vulnerability 1, in touch with death 1, no potions
a: Renounce Religion


You were on level 2 of the Dungeon.
You worshipped Xom.
You were a plaything of Xom.
You visited 1 branch of the dungeon, and saw 2 of its levels.

You collected 101 gold pieces.

Inventory:

Hand Weapons
 a - a +1 hand axe of chaos (weapon)
Armour
 b - a +0 cloak (worn)
 i - a +0 scale mail (worn)
 j - a +1 pair of gloves (worn)
Scrolls
 d - 3 scrolls of immolation
 e - 2 scrolls of identify
 h - a scroll of poison {unknown}
 k - a scroll of fear {unknown}
Miscellaneous
 c - a piece from Xom's chessboard (15/15) (quivered)


   Skills:
 + Level 3.6 Fighting
 * Level 3.6 Axes
 - Level 1.5 Armour
 - Level 0.7 Dodging


You had 2 spell levels left.
You didn't know any spells.
Your spell library contained the following spells:

 Spells                   Type           Power      Damage    Failure   Level
 Summon Forest            Summ/Tloc      0%         N/A       100%        5
 Summon Mana Viper        Hex/Summ       0%         N/A       100%        5
 Summon Cactus Giant      Summ           0%         N/A       100%        6


Dungeon Overview and Level Annotations

Branches:
Dungeon (2/15)

Altars:
Yredelemnul


Innate Abilities, Weirdness & Mutations

You are immune to poison.
Your flesh is cold resistant. (rC+)
You are immune to negative energy. (rN+++)
You are immune to unholy pain and torment.
You are vulnerable to heat. (rF-)
You are in touch with the powers of death.
You do not drink.


Message History

You hit the iron imp.
The iron imp is moderately wounded.
You miss the crimson imp.
The iron imp hits you but does no damage.
The crimson imp hits you but does no damage.
You barely miss the iron imp.
The iron imp is moderately wounded.
You hit the crimson imp.
The iron imp hits you but does no damage.
The crimson imp barely misses you.
You slash the crimson imp!
The crimson imp is almost dead.
You hit the iron imp.
The iron imp seems to grow stronger.
Xom thinks this is hilarious!
The crimson imp hits you but does no damage.
The iron imp hits you.
You hit the crimson imp but do no damage.
The crimson imp seems to grow stronger.
The crimson imp is severely wounded.
You hit the iron imp.
The crimson imp hits you but does no damage.
The iron imp hits you!
You are too injured to fight recklessly!
You are too injured to fight recklessly!
You are too injured to fight recklessly!
As you read the scroll labelled OGISUUNOFU, it crumbles to dust.
It is a scroll of identify.
d - 3 scrolls of immolation The crimson imp hits you.
The iron imp hits you but does no damage.
As you read the scroll labelled VIDIFE TIRGHEUG, it crumbles to dust.
It is a scroll of enchant weapon.
Your +0 hand axe of chaos glows red for a moment.
The crimson imp hits you but does no damage.
As you read the scroll labelled VOHIMIPOOL, it crumbles to dust.
You feel aware of your surroundings.
You sensed 1 altar, and 1 shop/portal.
It was a scroll of magic mapping.
The crimson imp hits you. The iron imp hits you!
You die... "It was about time."

..........#
..........#
..........#########
).^...............#
..................#
..................#
..................#
..................#
...†...........5@.#
...............5..#
#########.........#
#.........#
#.........#
###########


You could see an iron imp (summoned, strong) and a crimson imp (summoned,
strong).

Vanquished Creatures
  2 adders (D:2)
  A worm (D:2)
  2 dart slugs
  6 bats (D:1)
  5 endoplasms
  2 giant cockroaches (D:1)
  3 goblins
  5 hobgoblins
  3 kobolds (D:1)
  2 quokkas
  2 ball pythons (D:1)
  2 frilled lizards
  2 rats (D:1)
37 creatures vanquished.

Notes
Turn   | Place    | Note
-------+----------+-------------------------------------------
     0 | D:1      | Zeldest the Mummy Chaos Knight began the quest for the Orb.
     0 | D:1      | Reached XP level 1. HP: 18/18 MP: 1/1
   174 | D:1      | Reached XP level 2. HP: 12/24 MP: 2/2
   182 | D:1      | XOM: divination: detect creatures
   215 | D:1      | XOM: god gift: 40 gold pieces
   863 | D:1      | Gained mutation: You are in touch with the powers of death.
                  | [Mummy growth]
   863 | D:1      | Reached XP level 3. HP: 27/29 MP: 3/3
  1188 | D:2      | Found a basalt altar of Yredelemnul.
  1202 | D:2      | XOM: 1-stop teleportation journey
  1242 | D:2      | XOM: cleaving
  1431 | D:2      | XOM: summons 2 hostile demons
  1441 | D:2      | Slain by an iron imp

Illustrated notes

Levels and vault maps discovered:
D:1:      dpeg_arrival_radiant, layout_basic, dreamdust_princess_bridge
D:2:      layout_basic, basic_altar, hellmonk_ecumenical_altar_leap_of_faith,
          serial_shops, shop_statue, dreamdust_wishing_well, minmay_tetromino_t4

Skill      XL: |  1  2 |
---------------+-------+-----
Axes           | 3 |  3.6
Fighting       | |  3.6
Armour         | |  1.5
Dodging        | |  0.7

Action                   || total
-------------------------++-------
Melee: Hand axe          ||   108
  Use: Scroll            ||     3
 Stab: Confused          ||     3
Armor: Leather armour    ||    30
       Scale mail        ||    39
Dodge: Dodged            ||    64
